 Dungeon Crawl Stone Soup version 0.27.1-3-gb3d3a73c9e (webtiles) character file.

Game seed: 2918216926709966037

307 Urokeeper the Cutter (level 6, -2/39 HPs)
             Began as a Kobold Brigand on Oct 19, 2021.
             Was an Initiate of Dithmenos.
             Slain by a sky beast (3 damage)
             ... on level 5 of the Dungeon.
             The game lasted 00:12:52 (3856 turns).

Urokeeper the Cutter (Kobold Brigand)               Turns: 3856, Time: 00:12:52

Health: -2/39      AC:  4    Str: 10    XL:     6   Next: 68%
Magic:  6/6        EV: 17    Int: 12    God:    Dithmenos [......]
Gold:   270        SH:  0    Dex: 19    Spells: 5/5 levels left

rFire    + . .     SeeInvis .   w - +1 dagger (pain)
rCold    x . .     Faith    .   (shield restricted)
rNeg     . . .     Spirit   .   g - +0 leather armour
rPois    .         Reflect  .   (no helmet)
rElec    .         Harm     .   c - +0 cloak
rCorr    .         Rampage  .   (no gloves)
Will     .....                  (no boots)
Stlth    ++++......             (no amulet)
HPRegen  0.13/turn              m - +4 ring of evasion
MPRegen  0.10/turn              n - ring of fire

@: no status effects
A: small, no large weapons, nightstalker 3, hooves 1, strong 1
a: Renounce Religion


You were on level 5 of the Dungeon.
You worshipped Dithmenos.
Dithmenos was noncommittal.
You visited 1 branch of the dungeon, and saw 5 of its levels.

You collected 270 gold pieces.

Inventory:

Hand Weapons
 a - a +2 dagger
 w - a +1 dagger of pain (weapon)
 z - a +1 vorpal falchion
Armour
 b - a +0 robe
 c - a +0 cloak (worn)
 f - a +0 chain mail
 g - a +0 leather armour (worn)
 i - a +0 ring mail
 o - a +0 buckler
 s - a +2 kite shield
Jewellery
 m - a +4 ring of evasion (left hand)
 n - a ring of fire (right hand)
 u - a ring of protection from cold
Scrolls
 j - a scroll of teleportation
 p - 3 scrolls of identify {unknown}
 v - a scroll of immolation {unknown}
 y - a scroll of enchant armour {unknown}
Potions
 h - a potion of heal wounds {unknown}
 k - a potion of curing {unknown}
 l - a potion of might {unknown}
 q - a potion of attraction {unknown}
 r - a potion of brilliance {unknown}
 t - a potion of mutation
 x - a potion of ambrosia {unknown}
 A - a potion of flight {unknown}


   Skills:
 + Level 4.4 Fighting
 * Level 7.2 Short Blades
 - Level 2.1 Throwing
 - Level 1.2 Dodging
 - Level 5.3 Stealth


You had 5 spell levels left.
You didn't know any spells.
Your spell library was empty.

Dungeon Overview and Level Annotations

Branches:
Dungeon (5/15)             Temple (0/1) D:4

Altars:
Dithmenos

Shops:
D:1 [   D:4 !

Annotations:
D:4 2 exclusions, Ijyb


Innate Abilities, Weirdness & Mutations

You are small and have problems with some larger weapons.
You are completely attuned to the shadows.
You have large cloven feet.
Your muscles are strong. (Str +2)


Message History

You closely miss the sky beast.
The sky beast is almost dead.
The sky beast hits you. The sky beast shocks you.
You miss the sky beast.
The sky beast is almost dead.
The sky beast completely misses you.
You hit the sky beast.
The sky beast is almost dead.
The sky beast looks more healthy.
You hit the sky beast but do no damage.
The sky beast is almost dead.
The sky beast hits you but does no damage.
You miss the sky beast.
The sky beast is almost dead.
The sky beast hits you but does no damage.
You closely miss the sky beast.
The sky beast is almost dead.
You hit the sky beast but do no damage.
The sky beast is almost dead.
The sky beast hits you. The sky beast shocks you.
* * * LOW HITPOINT WARNING * * *
You hit the sky beast but do no damage.
The sky beast is almost dead.
You hit the sky beast but do no damage.
The sky beast is almost dead.
The sky beast hits you but does no damage.
You hit the sky beast but do no damage.
The sky beast is almost dead.
The sky beast flickers out of sight!
Deactivating autopickup; reactivate with Ctrl-A.
Something hits you.
* * * LOW HITPOINT WARNING * * *
Something shocks you.
* * * LOW HITPOINT WARNING * * *
Unknown command.
Unknown command.
It was a potion of mutation.
You feel extremely strange.
Your feet thicken and deform.
You feel stronger. Something hits you.
You die...

##.# #... #.##
##.. ##.# ##.
#.(# ## #.## #
##.# #.## #.#
##@#
#{##########
###Z##.......#
#............##
...(...Y.......#
.##......(.....#
#.............#
#.............#
.........#


You could see a howler monkey zombie.

Vanquished Creatures
  A necrophage (D:5)
  A scorpion (D:5)
  A bullfrog skeleton (D:5)
  A hound (D:2)
  An iguana (D:4)
  An adder (D:4)
  A worm (D:3)
  A dart slug (D:2)
  2 orcs
  6 ball pythons
  9 endoplasms
  3 giant cockroaches
  5 goblins
  3 hobgoblins
  2 jackals (D:3)
  4 kobolds
  7 quokkas
  2 bats
  7 rats
58 creatures vanquished.

Notes
Turn   | Place    | Note
-------+----------+-------------------------------------------
     0 | D:1      | Urokeeper the Kobold Brigand began the quest for the Orb.
     0 | D:1      | Reached XP level 1. HP: 12/12 MP: 1/1
   122 | D:1      | Reached skill level 3 in Short Blades
   178 | D:1      | Reached XP level 2. HP: 13/18 MP: 2/2
   632 | D:1      | Found Faps's Antique Armour Emporium.
   913 | D:2      | Found a faded altar of an unknown god.
   931 | D:2      | Reached skill level 4 in Short Blades
   931 | D:2      | Reached XP level 3. HP: 16/23 MP: 3/3
  1032 | D:2      | Reached XP level 4. HP: 28/28 MP: 4/4
  1866 | D:3      | Reached skill level 5 in Short Blades
  2564 | D:4      | Reached XP level 5. HP: 18/32 MP: 5/5
  2701 | D:4      | Found a shadowy altar of Dithmenos.
  2756 | D:4      | Became a worshipper of Dithmenos the Shadowed
  2765 | D:4      | Noticed Ijyb
  2765 | D:4      | Noticed a necrophage
  3136 | D:4      | Found Syhil's Distillery.
  3351 | D:4      | Found a staircase to the Ecumenical Temple.
  3626 | D:5      | Entered Level 5 of the Dungeon
  3695 | D:5      | Reached skill level 6 in Short Blades
  3695 | D:5      | Reached XP level 6. HP: 32/38 MP: 6/6
  3793 | D:5      | Noticed a necrophage
  3803 | D:5      | Noticed a sky beast
  3829 | D:5      | Killed a necrophage
  3830 | D:5      | Reached skill level 7 in Short Blades
  3855 | D:5      | HP: 1/39 [something (6)]
  3856 | D:5      | Gained mutation: You have large cloven feet. [potion of
                  | mutation]
  3856 | D:5      | Gained mutation: Your muscles are strong. (Str +2) [potion
                  | of mutation]
  3856 | D:5      | Slain by a sky beast

Illustrated notes

Levels and vault maps discovered:
D:1:      amcnicky_arrival_gap_in_the_tavern_cellar, layout_loops_ring,
          serial_shops, shop
D:2:      layout_loops_ring, hellmonk_ecumenical_altar_crossroads,
          hangedman_abyss_or_decor_lesser_grid
D:3:      layout_rooms
D:4:      layout_gridville, nicolae_dithmenos_the_darkroom, temple_statues,
          serial_shops, nicolae_shop_stone, kennysheep_boxes, uniq_ijyb
D:5:      layout_cave_pods, serial_shops, nicolae_take_the_stairs

Skill      XL: |  1  2  3  4  5  6 |
---------------+-------------------+-----
Short Blades   | 3 4 5 6 7 |  7.2
Fighting       | 3 4 |  4.4
Throwing       | |  2.1
Dodging        | |  1.2
Stealth        | |  5.3

Action                   |  1- 3 |  4- 6 || total
-------------------------+-------+-------++-------
Melee: Dagger            |    36 |   188 ||   224
Throw: Dart              |     3 |    12 ||    15
  Use: Scroll            |       |     1 ||     1
       Potion            |       |     1 ||     1
 Stab: Sleeping          |    13 |    19 ||    32
       Distracted        |       |     3 ||     3
Armor: Leather armour    |     3 |    18 ||    21
Dodge: Dodged            |    21 |    91 ||   112
